 Dungeon Crawl Stone Soup version 0.30.0-11-gf55b779eaf (webtiles) character file.

Game seed: 9704560251400171010

1505 RascalDebosk the Magician (level 9, -8/65 HPs)
             Began as a Djinni Fire Elementalist on May 16, 2023.
             Mangled by a wight
             ... wielding a +5 dire flail
              (10 damage)
             ... on level 6 of the Dungeon.
             The game lasted 00:23:15 (4824 turns).

RascalDebosk the Magician (DjFE)                    Turns: 4824, Time: 00:23:16

Health: -8/65      AC:  4    Str:  7    XL:     9   Next: 8%
Gold:   202        EV: 11    Int: 22    God:
                   SH:  0    Dex: 13

rFire   + + .        v - +0 short sword (speed)
rCold   x . .        (no shield)
rNeg    . . .        t - +0 leather armour
rPois   ∞            (no helmet)
rElec   .            e - +0 cloak
rCorr   .            (no gloves)
SInv    .            (boots unavailable)
Will    .....        (no amulet)
Stlth   ++           (no ring)
HPRegen 0.30/turn    (no ring)
MPRegen 0.00/turn

%: infuse magic (-9 HP)
@: flying
A: sickness immunity, fire resistance 2, cold vulnerability 1, float, innate
caster, HP casting, extra vitality 1
a: no special abilities


You were on level 6 of the Dungeon.
You visited 1 branch of the dungeon, and saw 6 of its levels.

You collected 202 gold pieces.

Inventory:

Hand Weapons
 r - a +0 rapier
 s - a +0 dagger
 v - a +0 short sword of speed (weapon)
Armour
 a - a +0 robe
 e - a +0 cloak (worn)
 m - a +0 ring mail
 t - a +0 leather armour (worn)
Jewellery
 y - a ring of protection from fire
Wands
 q - a wand of iceblast (3)
 w - a wand of digging (5)
Scrolls
 b - 4 scrolls of teleportation {unknown}
 i - 2 scrolls of fear {unknown}
 j - a scroll of enchant armour {unknown}
 k - 5 scrolls of identify {unknown}
 n - 2 scrolls of blinking {unknown}
 p - a scroll of vulnerability {unknown}
 u - a scroll of amnesia {unknown}
Potions
 c - 3 potions of curing {unknown}
 d - 3 potions of degeneration {unknown}
 f - 2 potions of haste
 g - a potion of attraction {unknown}
 h - a potion of heal wounds {unknown}
 l - a potion of lignification {unknown}
 o - 2 potions of flight {unknown}
 x - a potion of invisibility {unknown}
 z - a potion of brilliance {unknown}


   Skills:
 * Level 5.5 Fighting
 + Level 3.3 Short Blades
 + Level 3.7 Armour
 - Level 2.1 Dodging
 - Level 1.5 Stealth
 * Level 5.9 Spellcasting


You knew the following spells:

 Your Spells              Type           Power      Damage    Failure   Level
a - Foxfire               Conj/Fire      100%       2x1d9     1%          1
b - Scorch                Fire           64%        2d7       1%          2
c - Volatile Blastmotes   Fire/Tloc      64%        2d15      3%          3
d - Inner Flame           Hex/Fire       32%        N/A       3%          3
e - Flame Wave            Conj/Fire      32%        2d9       12%         4
f - Shock                 Conj/Air       100%       1d9       1%          1
g - Lesser Beckoning      Tloc           64%        N/A       1%          2
h - Hailstorm             Conj/Ice       32%        3d8       3%          3
i - Sticky Flame          Conj/Fire      32%        2d5       12%         4
Your spell library was empty.

Dungeon Overview and Level Annotations

Branches:
Dungeon (6/15)
 Temple: D:4-7

Altars:
Gozag
Makhleb
Qazlal
Uskayaw
Yredelemnul


Innate Abilities, Weirdness & Mutations

You are immune to sickness and miasma.
You are immune to poison.
Your flesh is very heat resistant. (rF++)
You are vulnerable to cold. (rC-)
You float through the air rather than walking.
You learn spells naturally, not from books.
Your magical power is your life essence.
You have superior vitality. (+4 MHP)


Message History

The foxfire hits the scorpion.
The scorpion is severely wounded.
The foxfire hits the scorpion but does no damage.
The scorpion is severely wounded.
You barely miss the scorpion.
The scorpion is severely wounded.
You hit the scorpion but do no damage.
The scorpion is severely wounded.
The scorpion stings you.
You barely miss the scorpion.
The scorpion is severely wounded.
The scorpion stings you.
You hit the scorpion but do no damage.
The scorpion is severely wounded.
You hit the scorpion.
The scorpion is almost dead.
The scorpion stings you but does no damage.
You hit the scorpion.
You kill the scorpion!
o - 2 blue potions (gained 1)
Found a stone staircase leading up.
z - a glowing orange potion You now have 200 gold pieces (gained 18).
k - 5 scrolls labelled OVVAWKERRI (gained 1)
Found a stone staircase leading up.
You now have 202 gold pieces (gained 2).
You see here a +0 club.
Things that are here:
a +0 dagger; a +0 ring mail; an orc skeleton
There is a broken door here.
There is a stone staircase leading down here.
y - a ring of protection from fire You reach down and open the door.
There is an open door here.
Found a stone staircase leading down.
Found a book of the Moon.
There is a stone staircase leading down here.
There is a stone staircase leading down here.
Things that are here:
a +0 club; a +0 leather armour You see here a +2 dagger of holy wrath.
You see here a +0 falchion.
Things that are here:
a +0 flail; a +0 scale mail
Things that are here:
a +0 dagger; a +0 robe Done exploring.
Things that are here:
a +0 dagger; a +0 robe
Things that are here:
a +0 flail; a +0 scale mail You see here a +0 falchion.
You see here a +2 dagger of holy wrath.
Things that are here:
a +0 club; a +0 leather armour
There is a stone staircase leading down here.
You fly downwards.
Found a war axe.
There is a stone staircase leading up here.
The wight hits you with a +0 spear.
You fly upwards.
There is a stone staircase leading down here.
Casting: Hailstorm (dangerous; 3% risk of failure)
Confirm with . or Enter, or press ? or * to list all spells.
Flames lash the wight.
The wight is heavily damaged.
The wight's fire resistance burns away.
The wight hits you with a +0 spear.
Casting: Scorch (safe; 1% risk of failure)
Confirm with . or Enter, or press ? or * to list all spells.
You conjure some foxfire!
The wight hits you with a +0 spear!
You hit the wight but do no damage. Your punch misses the wight.
The wight is heavily damaged.
The foxfire hits the wight.
The wight is severely damaged.
The foxfire hits the wight!
The wight is burned terribly!
You destroy the wight!
You fly downwards.
The wight hits you with a +0 long sword!
The wight hits you with a +3 falchion of freezing!
* * * LOW HITPOINT WARNING * * *
The wight freezes you!
* * * LOW HITPOINT WARNING * * *
The wight hits you with a +5 dire flail!
* * * LOW HITPOINT WARNING * * *
There is a stone staircase leading up here.
Casting: Foxfire (safe; 1% risk of failure)
Confirm with . or Enter, or press ? or * to list all spells.
Casting: Flame Wave (dangerous; 12% risk of failure)
Press: ? - help, Dir - look around, f - activate A wave of flame ripples out!
The flame wave engulfs the wight but does no damage. x2
The flame wave engulfs the wight!
The wight is heavily damaged. (Press . to intensify the flame waves.)
* * * LOW HITPOINT WARNING * * *
The wight hits you with a +0 long sword!
* * * LOW HITPOINT WARNING * * *
The wight closely misses you.
The wight hits you with a +5 dire flail!
You die...

#############+#
........z......
.......@z......
....)..z.......
...............
...............
...............
...............
####+########+#


You could see 3 wights.

Vanquished Creatures
  Pikel (D:4)
  A wyvern (D:4)
  Eustachio (D:4)
  Menkaure (D:4)
  2 lemures (D:4)
  A scorpion (D:5)
  A wight (D:5)
  3 orc priests (D:5)
  2 hounds (D:5)
  A jelly (D:4)
  Jessica (D:3)
  Ijyb (D:5)
  4 orc wizards
  Natasha (twice) (D:3)
  3 gnolls (D:2)
  5 adders
  An ufetubus (D:5)
  2 worms
  A dart slug (D:4)
  12 orcs
  4 endoplasms
  6 giant cockroaches
  4 goblins
  3 hobgoblins
  2 jackals (D:4)
  2 quokkas
  8 ball pythons
  6 bats
  3 kobolds
  4 rats (D:1)
88 creatures vanquished.

Vanquished Creatures (others)
  304 foxfires
304 creatures vanquished.

Grand Total: 392 creatures vanquished

Notes
Turn   | Place    | Note
-------+----------+-------------------------------------------
     0 | D:1      | RascalDebosk the Djinni Fire Elementalist began the quest
                  | for the Orb.
     0 | D:1      | RascalDebosk set off with the following spells memorised:
                  | Foxfire, Scorch, Volatile Blastmotes, Inner Flame, Flame
                  | Wave.
     0 | D:1      | Reached XP level 1. HP: 15/15 MP: 0/0
   419 | D:1      | Reached XP level 2. HP: 19/21 MP: 0/0
   876 | D:2      | Reached XP level 3. HP: 23/25 MP: 0/0
   876 | D:2      | Learned a level 1 spell: Shock
  1060 | D:2      | Reached XP level 4. HP: 19/31 MP: 0/0
  1557 | D:3      | You are sucked into a shaft and drop 2 floors!
  1557 | D:5      | Entered Level 5 of the Dungeon
  1559 | D:5      | Found an opulent altar of Gozag.
  1734 | D:3      | Noticed Jessica
  1741 | D:3      | Killed Jessica
  1742 | D:3      | Reached XP level 5. HP: 31/36 MP: 0/0
  1742 | D:3      | Learned a level 2 spell: Lesser Beckoning
  1799 | D:3      | Noticed Natasha
  1804 | D:3      | Killed Natasha
  1805 | D:3      | Reached skill level 1 in Fighting
  2062 | D:3      | Found a faded altar of an unknown god.
  2125 | D:3      | Noticed Natasha
  2130 | D:3      | Killed Natasha
  2407 | D:3      | Found a hide-covered altar of Uskayaw.
  2408 | D:3      | Found a stormy altar of Qazlal.
  2771 | D:4      | Noticed Menkaure
  2774 | D:4      | Reached skill level 1 in Armour
  2774 | D:4      | Reached XP level 6. HP: 24/43 MP: 0/0
  2777 | D:4      | Killed Menkaure
  2778 | D:4      | Reached skill level 1 in Short Blades
  2925 | D:4      | Noticed Eustachio
  2991 | D:4      | Killed Eustachio
  2992 | D:4      | Reached XP level 7. HP: 26/50 MP: 0/0
  2992 | D:4      | Learned a level 3 spell: Hailstorm
  3159 | D:4      | Found a burning altar of Makhleb.
  3238 | D:4      | Noticed Pikel
  3252 | D:4      | Killed Pikel
  3253 | D:4      | Reached skill level 5 in Spellcasting
  3253 | D:4      | Reached XP level 8. HP: 15/58 MP: 0/0
  3620 | D:4      | Noticed a wyvern
  3626 | D:4      | Killed a wyvern
  3974 | D:5      | Found a basalt altar of Yredelemnul.
  4013 | D:5      | Reached skill level 5 in Fighting
  4061 | D:5      | Noticed Ijyb
  4064 | D:5      | Killed Ijyb
  4135 | D:5      | Reached XP level 9. HP: 19/65 MP: 0/0
  4135 | D:5      | Learned a level 4 spell: Sticky Flame
  4824 | D:6      | HP: 2/65 [wight/+0 long sword (7)]
  4824 | D:6      | Mangled by a wight

Illustrated notes

Levels and vault maps discovered:
D:1:      shiori_angband_town, layout_basic
D:2:      layout_loops_cross, minivault_24
D:3:      layout_basic, minitemple, hellmonk_ecumenical_altar_inner_sanctum,
          serial_curves, eino_curves_02, eino_curves_01, eino_curves_03,
          eino_curves_02, uniq_jessica, uniq_natasha
D:4:      layout_loops_ring, marbit_many_paths, minivault_25, uniq_pikel,
          uniq_menkaure, uniq_eustachio
D:5:      layout_basic, mainiacjoe_overflow_paths, overflow_temple_1_default,
          uniq_ijyb
D:6:      layout_gridville, nrook_campfire, minmay_manual_mail, uniq_maggie

Skill      XL: |  1  2  3  4  5  6  7  8 |
---------------+-------------------------+-----
Spellcasting   | 3 4 5 |  5.9
Fighting       | 1 3 4 5 |  5.5
Armour         | 1 2 3 |  3.7
Short Blades   | 1 2 3 |  3.3
Dodging        | |  2.1
Stealth        | |  1.5

Action                     |  1- 3 |  4- 6 |  7- 9 || total
---------------------------+-------+-------+-------++-------
  Melee: Short sword       |       |       |    10 ||    10
   Cast: Foxfire           |    69 |    78 |    35 ||   182
         Shock             |    19 |     9 |    18 ||    46
         Scorch            |       |    17 |    13 ||    30
         Flame Wave        |       |     1 |     3 ||     4
         Inner Flame       |       |     1 |     3 ||     4
         Hailstorm         |       |       |     5 ||     5
         Volatile Blastmot |       |       |     1 ||     1
 Armour: Leather armour    |       |       |     2 ||     2
  Dodge: Dodged            |       |    18 |     8 ||    26
